 Dungeon Crawl Stone Soup version 0.20-a0-465-g6513c8f (webtiles) character file.

133154 Duffy the Severer (level 16, -6/170 HPs)
             Began as a Minotaur Gladiator on Jan 12, 2017.
             Was the Champion of the Shining One.
             Blown up by an orb spider (29 damage)
             ... with an orb of destruction
             ... on level 2 of the Spider Nest.
             The game lasted 00:34:43 (33071 turns).

Duffy the Severer (Minotaur Gladiator)             Turns: 33071, Time: 00:34:44

Health: -6/170     AC:  8    Str: 27    XL:     16   Next: 59%
Magic:  0/19       EV: 15    Int:  5    God:    the Shining One [******]
Gold:   2381       SH:  0    Dex: 11    Spells: 15/15 levels left

rFire  + + .     SeeInvis +     a - +10 battleaxe of Courage {chop, rPois}
rCold  . . .     Gourm    .     C - +1 chain mail of Whack-A-Mole {rPois rF++}
rNeg   + + +     Faith    .     (shield currently unavailable)
rPois  +         Spirit   +     U - +2 hat {SInv}
rElec  .         Reflect  .     P - +1 cloak {+Inv}
rCorr  +         Harm     .     K - +1 pair of gloves
MR     +....                    R - +0 pair of boots
Stlth  ..........               L - amulet of guardian spirit
                                (no ring)
                                y - ring of resist corrosion

@: lethally poisoned (-6 -> -8), corroded, glowing
A: retaliatory headbutt, horns 2, robust 1
a: Divine Shield, Cleansing Flame, Summon Divine Warrior, Brand Weapon With Holy
Wrath, Renounce Religion, Evoke Invisibility


You were on level 2 of the Spider Nest.
You worshipped the Shining One.
The Shining One was exalted by your worship.
You were not hungry.

You visited 4 branches of the dungeon, and saw 25 of its levels.
You visited the Abyss 1 time.

You collected 2771 gold pieces.
You spent 390 gold pieces at shops.

Inventory:

Hand Weapons
 a - the +10 battleaxe of Courage (weapon) {chop, rPois}
   (You found it on level 6 of the Lair of Beasts)

   It inflicts extra damage upon your enemies.
   It protects you from poison.
 E - a +3 battleaxe of chopping
 V - a +1 scimitar of flaming
 Z - a +0 morningstar
Missiles
 d - 2 throwing nets (quivered)
 I - 4 curare-tipped needles
Armour
 C - the +1 chain mail of Whack-A-Mole (worn) {rPois rF++}
   (You found it on level 5 of the Dungeon)

   It greatly protects you from fire.
   It protects you from poison.
 K - a +1 pair of gloves (worn)
 P - a +1 cloak of invisibility (worn)
 R - a +0 pair of boots (worn)
 U - a +2 hat of see invisible (worn)
Jewellery
 j - an uncursed ring of fire
 y - a ring of resist corrosion (left hand)
 L - an amulet of guardian spirit (around neck)
 N - an uncursed ring of ice
 T - an uncursed amulet of rage
Wands
 c - a wand of paralysis (17/24)
 B - a wand of confusion (7/48)
 G - a wand of disintegration (12/24)
 M - a wand of enslavement (17/24)
 O - a wand of iceblast (8/15)
 Q - a wand of iceblast (5/15)
Scrolls
 b - a scroll of brand weapon {unknown}
 e - a scroll of immolation
 g - a scroll of holy word
 h - 12 scrolls of remove curse
 i - 4 scrolls of recharging
 k - a scroll of acquirement {unknown}
 l - 4 scrolls of teleportation
 p - 7 scrolls of fear
 q - 6 scrolls of enchant weapon
 t - a scroll of fog
 w - a scroll of silence {unknown}
 z - 2 scrolls of magic mapping
 X - 3 scrolls of vulnerability
 Y - 5 scrolls of blinking
Potions
 n - 18 potions of curing
 o - 4 potions of flight
 s - 2 potions of resistance
 v - 6 potions of agility
 x - 2 potions of cure mutation
 A - 5 potions of might
 D - a potion of cancellation
 F - 4 potions of ambrosia
 H - 3 potions of magic
 J - 4 potions of berserk rage
 S - a potion of haste
Comestibles
 f - 15 bread rations
 m - 7 meat rations
 r - a beef jerky


   Skills:
 + Level 17.5 Fighting
 + Level 18.5 Axes
 - Level 2.0 Throwing
 + Level 17.2 Armour
 + Level 13.7 Dodging
 - Level 6.0 Evocations


You had 15 spell levels left.
You didn't know any spells.

Dungeon Overview and Level Annotations

Branches:
Dungeon (15/15)            Temple (0/1) D:5            Lair (6/6) D:11
  Swamp (0/4) Lair:3       Spider (2/4) Lair:2        Slime (0/5) Lair:5
    Orc (2/2) D:11            Elf (0/3) Orc:2        Vaults (0/5) D:13
 Depths (0/5) D:15

Altars:
Dithmenos
Elyvilon
Gozag
Hepliaklqana
Okawaru
Ru
Sif Muna
Trog
Xom
The Shining One
Jiyva

Shops:
D:15 :   Orc:1 !   Orc:2 }%[(

Portals:
Trove: D:10 (give 8 potions of haste)

Annotations:
D:10 exclusion: oklob plant


Innate Abilities, Weirdness & Mutations

You reflexively headbutt those who attack you in melee.
You have a pair of horns on your head.
You are robust. (+10% HP)


Message History

The orb spider weaves a glowing orb of energy.
An orb of destruction comes into view.
You feel sick.
The entropy weaver gestures wildly while chanting.
The entropic weave corrodes you!
The orb spider begins to weave its threads into a brightly glowing ball.
You feel sick.
The entropy weaver gestures wildly while chanting.
The entropic weave corrodes you!
The entropy weaver casts a spell.
You feel sick. The orb of destruction hits you!
The entropy weaver casts a spell.
A tarantella comes into view.
The tarantella hisses angrily.
You feel sick.
The orb spider pulsates with a strange energy.
The orb spider weaves a glowing orb of energy.
An orb of destruction comes into view.
The orb of destruction hits you!
You die...

## ##.##
#...####
#..@00.##
#..0.ss.#
#..0....# .
###......#..
##.#.a..s....
#......s.....
##...%.......
#....%.......
#..##%.......


You could see an entropy weaver, 2 orb spiders, a jumping spider and a
tarantella.

Vanquished Creatures
  Arachne (Spider:2)
  Rupert (Lair:3)
  A tentacled starspawn (Abyss:3)
  Gastronok (D:7)
  A frost giant (D:15)
  An angel (Abyss:3)
  An emperor scorpion (Spider:2)
  Louise (Spider:2)
  Snorg (D:13)
  Josephine (D:12)
  Fannar (D:12)
  A vault guard (D:10)
  2 rakshasas (Abyss:3)
  4 hydras
  6 catoblepae
  5 centaur warriors
  3 two-headed ogres
  11 death yaks
  Urug (D:10)
  5 orc high priests (Orc:2)
  Nergalle (Lair:4)
  A wretched star (Abyss:3)
  An unseen horror (D:15)
  A glowing orange brain (Abyss:3)
  A death drake (Abyss:3)
  A wizard (D:14)
  8 orc knights (Orc:2)
  2 deep elf magi
  12 ugly things
  8 orb spiders
  11 wolf spiders
  2 orc sorcerers (Orc:1)
  3 manticores
  5 centaur zombies
  A manticore (shapeshifter) (D:13)
  A cyclops (shapeshifter) (D:13)
  11 slime creatures
  5 elephants (Lair:5)
  5 black mambas
  A cyclops (D:15)
  Maurice (D:8)
  Joseph (D:7)
  An orange demon (Abyss:4)
  2 torpor snails
  11 spiny frogs
  4 gargoyles
  2 efreet
  7 komodo dragons
  A yaktaur (D:15)
  A freezing wraith (Abyss:3)
  A rime drake (Lair:6)
  A redback zombie (D:15)
  4 demonic crawlers
  2 polar bears
  11 trolls
  An ancient zyme (Abyss:4)
  12 jumping spiders (Spider:1)
  A tyrant leech (Lair:3)
  2 hornets (Spider:1)
  6 meliai (D:15)
  30 blink frogs
  2 hippogriffs (shapeshifter)
  15 hippogriffs
  A meliai zombie (D:15)
  10 dream sheep
  A shadow (D:12)
  40 redbacks
  40 yaks
  A spriggan (D:12)
  6 wyverns
  6 wraiths
  10 tarantellas
  3 vampires
  A hungry ghost (D:15)
  A neqoxec (Abyss:3)
  3 wargs (Orc:2)
  5 vampire mosquitoes
  A soldier ant (D:13)
  4 large abominations (Abyss:3)
  2 swamp worms (Lair:3)
  2 acid dragons
  11 water moccasins
  A swamp drake (D:11)
  33 orc warriors
  8 porcupines
  5 ice beasts
  7 sky beasts
  12 ogres
  2 black bears
  An eye of draining (Abyss:3)
  35 wolves
  5 centaurs
  A snapping turtle skeleton (Abyss:3)
  13 crocodiles
  2 big kobolds
  21 bullfrogs
  A wyvern zombie (D:14)
  A wyvern skeleton (D:11)
  4 scorpions
  12 killer bees
  8 wights
  4 electric eels
  9 howler monkeys
  6 crimson imps
  3 bullfrog zombies
  2 quasits
  5 jellies
  Crazy Yiuf (D:3)
  29 orc priests
  4 hounds
  6 bullfrog skeletons
  3 centaur skeletons
  5 iguanas
  14 orc wizards
  10 worker ants
  A hound skeleton (D:10)
  A worker ant zombie (D:8)
  16 adders
  A gnoll (D:1)
  4 shadow imps
  An ooze (D:2)
  3 adder zombies
  6 worms
  3 dart slugs
  6 leopard geckos
  86 orcs
  5 bats
  7 giant cockroaches
  6 goblins
  2 hobgoblins
  7 jackals
  23 kobolds
  6 quokkas
  2 ball pythons
  7 frilled lizards
  A quokka skeleton (D:5)
  2 quokka zombies (D:6)
  6 rats
  A plant (D:14)
873 creatures vanquished.

Vanquished Creatures (others)
  A rakshasa (Abyss:3)
  A redback (Spider:1)
  A wyvern zombie (D:15)
  An orc (Orc:1)
  6 fungi (Lair:5)
  7 plants
  9 starspawn tentacles (Abyss:3)
26 creatures vanquished.

Grand Total: 899 creatures vanquished

Notes
Turn   | Place    | Note
-------+----------+-------------------------------------------
     0 | D:1      | Duffy the Minotaur Gladiator began the quest for the Orb.
     0 | D:1      | Reached XP level 1. HP: 18/18 MP: 0/0
    68 | D:1      | Reached skill level 4 in Axes
    68 | D:1      | Reached XP level 2. HP: 16/25 MP: 1/1
   615 | D:1      | Reached skill level 5 in Axes
   881 | D:1      | Reached XP level 3. HP: 30/30 MP: 2/2
  1259 | D:2      | Reached XP level 4. HP: 28/37 MP: 3/3
  1315 | D:2      | Reached skill level 6 in Axes
  1520 | D:2      | Found an iron altar of Okawaru.
  1526 | D:2      | Found a shadowy altar of Dithmenos.
  1526 | D:2      | Found a glowing golden altar of the Shining One.
  1540 | D:2      | Became a worshipper of the Shining One
  2357 | D:3      | Found a runed door.
  2589 | D:3      | Found a shimmering altar of Xom.
  2590 | D:3      | Found a hazy altar of Hepliaklqana.
  2590 | D:3      | Noticed a yak
  2591 | D:3      | Noticed a spectral ugly thing
  2591 | D:3      | Noticed a yak
  2799 | D:3      | Found a deep blue altar of Sif Muna.
  3139 | D:4      | Reached XP level 5. HP: 35/45 MP: 4/4
  3400 | D:4      | Noticed an ogre
  3496 | D:4      | Reached skill level 7 in Axes
  3611 | D:4      | Killed an ogre
  3611 | D:4      | Reached XP level 6. HP: 53/53 MP: 5/5
  3785 | D:4      | Reached skill level 5 in Fighting
  3788 | D:4      | Reached skill level 8 in Axes
  4153 | D:5      | Entered Level 5 of the Dungeon
  4338 | D:5      | Reached XP level 7. HP: 61/61 MP: 6/6
  4356 | D:5      | Found an opulent altar of Gozag.
  4465 | D:5      | Reached skill level 1 in Armour
  4597 | D:5      | Reached * piety under the Shining One
  4833 | D:5      | Got a turquoise-studded chain mail
  4844 | D:5      | Identified the +1 chain mail of Whack-A-Mole {rPois rF++} (You found it on level 5 of the Dungeon)
  4926 | D:5      | Found a staircase to the Ecumenical Temple.
  5110 | D:6      | Reached skill level 9 in Axes
  5110 | D:6      | Reached XP level 8. HP: 71/71 MP: 7/7
  6011 | D:3      | Noticed Crazy Yiuf
  6014 | D:3      | Killed Crazy Yiuf
  6173 | D:6      | Reached skill level 5 in Armour
  6255 | D:7      | Found a sacrificial altar of Ru.
  6373 | D:7      | Reached skill level 10 in Axes
  6600 | D:7      | Reached XP level 9. HP: 82/82 MP: 8/8
  6655 | D:7      | Noticed Joseph
  6666 | D:7      | Killed Joseph
  7148 | D:7      | Reached ** piety under the Shining One
  7388 | D:8      | Noticed Gastronok
  7412 | D:8      | Reached skill level 11 in Axes
  7462 | D:8      | Noticed Maurice
  7785 | D:8      | Killed Maurice
  7785 | D:8      | Reached skill level 10 in Fighting
  7787 | D:8      | Reached XP level 10. HP: 79/93 MP: 9/9
  7948 | D:8      | Noticed a two-headed ogre
  7961 | D:8      | Killed a two-headed ogre
  8344 | D:9      | You fall through a shaft for 3 floors!
  8358 | D:12     | Reached skill level 12 in Axes
  8390 | D:11     | Noticed a purple ugly thing
  8394 | D:11     | Reached *** piety under the Shining One
  8405 | D:12     | Killed a purple ugly thing
  8509 | D:11     | Noticed a red ugly thing
  8509 | D:11     | Noticed a five-headed hydra
  8510 | D:11     | Noticed a five-headed hydra
  8526 | D:12     | Killed a red ugly thing
  8726 | D:12     | Noticed Josephine
  8740 | D:12     | Killed Josephine
  8740 | D:12     | Reached skill level 10 in Armour
  8871 | D:11     | Noticed a brown ugly thing
  8881 | D:12     | Killed a brown ugly thing
  8881 | D:12     | Reached XP level 11. HP: 73/103 MP: 7/10
  9019 | D:11     | Reached skill level 13 in Axes
  9102 | D:10     | Entered Level 10 of the Dungeon
  9475 | D:10     | Noticed Urug
  9486 | D:10     | Killed Urug
  9725 | D:10     | Found a white marble altar of Elyvilon.
  9725 | D:10     | Noticed an oklob plant
  9907 | D:10     | Noticed a vault guard
  9925 | D:10     | Killed a vault guard
  9944 | D:10     | Found a portal to a secret trove of treasure.
 10128 | D:10     | Reached **** piety under the Shining One
 10460 | D:9      | Reached skill level 5 in Dodging
 11119 | D:7      | Killed Gastronok
 12322 | D:12     | Reached skill level 14 in Axes
 12518 | D:12     | Noticed a deep elf mage
 12529 | D:12     | Killed a deep elf mage
 12529 | D:12     | Reached XP level 12. HP: 79/113 MP: 7/11
 12683 | D:12     | Noticed Fannar
 12701 | D:12     | Killed Fannar
 13519 | D:11     | Found a staircase to the Orcish Mines.
 13532 | Orc:1    | Entered Level 1 of the Orcish Mines
 13534 | Orc:1    | Reached ***** piety under the Shining One
 13548 | Orc:1    | Noticed a two-headed ogre
 13778 | Orc:1    | Killed a two-headed ogre
 14299 | Orc:2    | Entered Level 2 of the Orcish Mines
 14850 | D:11     | Noticed a two-headed ogre
 14856 | D:11     | Killed a two-headed ogre
 14880 | D:11     | Killed an 11-headed hydra
 15362 | D:11     | Reached skill level 1 in Evocations
 15434 | D:11     | Found a staircase to the Lair.
 15661 | Lair:1   | Entered Level 1 of the Lair of Beasts
 16751 | Lair:2   | Reached XP level 13. HP: 94/123 MP: 11/15
 17118 | Lair:2   | Reached skill level 5 in Evocations
 17178 | Lair:2   | Found a hole to the Spider Nest.
 18136 | Lair:3   | Found a staircase to the Swamp.
 18235 | Lair:3   | Noticed Rupert
 18368 | Lair:4   | Reached skill level 15 in Axes
 19034 | Lair:4   | Noticed Nergalle
 19043 | Lair:4   | Killed Nergalle
 19301 | Lair:3   | Killed Rupert
 20695 | Lair:5   | Reached XP level 14. HP: 127/133 MP: 11/17
 21006 | Lair:5   | Reached skill level 10 in Dodging
 21073 | Lair:5   | Found a viscous altar of Jiyva.
 21073 | Lair:5   | Found a staircase to the Slime Pits.
 21275 | Lair:6   | Entered Level 6 of the Lair of Beasts
 21280 | Lair:6   | Reached skill level 16 in Axes
 21889 | Lair:6   | Gained mutation: You are robust. (+10% HP) [potion of beneficial mutation]
 22002 | Lair:6   | Reached skill level 15 in Fighting
 22495 | Lair:6   | Reached ****** piety under the Shining One
 23167 | Lair:6   | Reached skill level 15 in Armour
 23749 | Lair:6   | Got a polished battleaxe
 23750 | Lair:6   | Identified the +10 battleaxe of Courage {chop, rPois} (You found it on level 6 of the Lair of Beasts)
 24583 | Orc:2    | Found a staircase to the Elven Halls.
 24798 | Orc:1    | Found Zinah's Distillery.
 24802 | Orc:1    | Bought a potion of heal wounds for 65 gold pieces
 24802 | Orc:1    | Bought a potion of might for 52 gold pieces
 25037 | Orc:2    | Reached skill level 17 in Axes
 25037 | Orc:2    | Reached XP level 15. HP: 137/155 MP: 18/18
 25612 | Orc:2    | Found Wuokk's Antique Weapon Emporium.
 25612 | Orc:2    | Found Iqofoana's Antique Armour Emporium.
 25613 | Orc:2    | Found Puides's Food Shoppe.
 25613 | Orc:2    | Found Zokigrio's Gadget Emporium.
 25702 | Orc:1    | Bought a potion of curing for 39 gold pieces
 25702 | Orc:1    | Bought a potion of curing for 39 gold pieces
 25702 | Orc:1    | Bought a potion of curing for 39 gold pieces
 25702 | Orc:1    | Bought a potion of curing for 39 gold pieces
 25702 | Orc:1    | Bought a potion of curing for 39 gold pieces
 25702 | Orc:1    | Bought a potion of curing for 39 gold pieces
 25702 | Orc:1    | Bought a potion of curing for 39 gold pieces
 25947 | D:13     | Noticed Snorg
 25951 | D:13     | Found a gate to the Vaults.
 25960 | D:13     | Killed Snorg
 27949 | D:15     | Entered Level 15 of the Dungeon
 28058 | D:15     | Found a bloodstained altar of Trog.
 28524 | D:15     | Found Bimatyube's Book Shoppe.
 28780 | D:15     | Found a staircase to the Depths.
 28780 | D:15     | Noticed a frost giant
 28786 | D:15     | Killed a frost giant
 30105 | Spider:1 | Entered Level 1 of the Spider Nest
 30561 | Spider:1 | Reached XP level 16. HP: 169/169 MP: 17/19
 30773 | Spider:1 | Reached skill level 18 in Axes
 31789 | Spider:2 | Noticed Arachne
 31804 | Spider:2 | Killed Arachne
 32010 | Spider:2 | Noticed Louise
 32015 | Spider:2 | Cast into level 3 of the Abyss (Louise)
 32125 | Abyss:3  | Noticed a tentacled starspawn
 32151 | Abyss:3  | Killed a tentacled starspawn
 32153 | Abyss:3  | Noticed a tentacled starspawn
 32158 | Abyss:3  | HP: 8/170 [tentacled starspawn (illusionary) (3)]
 32161 | Abyss:3  | HP: 2/170 [rakshasa (illusionary)/trident (4)]
 32172 | Abyss:3  | The Shining One protects you from harm!
 32437 | Spider:2 | Escaped the Abyss
 32457 | Spider:2 | Killed Louise
 33071 | Spider:2 | Blown up by an orb spider

Vault maps used:
D:1:      dpeg_arrival_round_c
D:2:      gammafunk_temple_overflow_forgotten, serial_glass, glass_columns_b,
          glass_columns_b
D:3:      regret_index_temple_of_mockery, led_sif_pool, uniq_crazy_yiuf_cottage
D:4:      first_bread
D:5:      grunt_gozag_statues
D:7:      nicolae_ru_path_of_blood, uniq_joseph
D:8:      uniq_gastronok, uniq_maurice
D:10:     enter_trove_5, minmay_misc_feat_plants, minivault_24,
          lemuel_oklob_altar, uniq_urug
D:11:     erik_lair_dragon, orc_0_dummy
D:12:     minmay_door_square, the_bakery, uniq_fannar, uniq_josephine
D:13:     david_vaults_2, minmay_misc_feat_x, uniq_snorg
D:14:     minmay_misc_feat_five, serial_bayou, serial_bayou_lake_a,
          serial_bayou_ford_a, serial_bayou_pond_d, serial_bayou_pond_a,
          minivault_22
D:15:     grunt_enter_depths_snipers, lemuel_statue_altar, serial_shops,
          nicolae_shop_crystal
Lair:2:   nicolae_spider_entry_orb_guardian
Lair:3:   minmay_swamp_entry_worms, uniq_rupert
Lair:4:   grunt_megastairs_1, uniq_nergalle
Lair:5:   dpeg_slime_entry_enclosed_altar
Lair:6:   evilmike_catoblepas_cave, st_stairs_6, grunt_megastairs_5,
          infiniplex_staircase_pool
Spider:2: uniq_arachne, uniq_louise
Orc:1:    serial_shops, shop
Orc:2:    st_orc_pillars
Abyss:3:  evilmike_abyss_rune_siren_acolytes, hangedman_classic_abyss_death
Abyss:4:  bh_abyss_exit_grid, evilmike_nicolae_abyss_rune_containment_curve,
          evilmike_abyss_exit_17

Skill      XL: |  1  2  3  4  5  6  7  8  9 10 11 12 13 14 15 16 |
---------------+-------------------------------------------------+-----
Axes           | 4 5 6 7 8 9 10 11 12 14 15 17 18 | 18.5
Fighting       | 3 4 5 6 8 10 11 12 13 14 15 16 17 | 17.5
Armour         | 3 6 8 10 12 13 14 15 16 17 | 17.2
Dodging        | 6 8 9 11 13 | 13.7
Evocations     | 4 6 |  6.0
Throwing       | |  2.0

Action                   |  1- 3 |  4- 6 |  7- 9 | 10-12 | 13-15 | 16-18 || total
-------------------------+-------+-------+-------+-------+-------+-------++-------
Melee: War axe           |    53 |   116 |   237 |   616 |   165 |       ||  1187
       Headbutt          |     3 |    19 |    43 |   138 |   191 |    52 ||   446
       Morningstar       |       |       |       |     2 |    17 |       ||    19
       Battleaxe         |       |       |       |       |   749 |   230 ||   979
 Abil: Evoke Berserk Rag |       |       |       |       |     4 |       ||     4
Evoke: Wand              |       |     3 |       |    11 |     5 |       ||    19
  Use: Scroll            |       |     5 |     1 |     8 |    19 |     1 ||    34
       Potion            |       |       |       |       |     3 |     7 ||    10
 Stab: Sleeping          |     1 |       |       |       |       |       ||     1
  Eat: Chunk             |     1 |     6 |    12 |    19 |    35 |     5 ||    78
       Pizza             |       |     2 |       |     3 |     1 |       ||     6
       Fruit             |       |       |       |     2 |     4 |       ||     6
       Royal jelly       |       |       |       |     2 |     1 |       ||     3
       Beef jerky        |       |       |       |       |     4 |     2 ||     6
Armor: Leather armour    |     6 |       |       |       |       |       ||     6
       Ring mail         |     8 |    32 |       |       |       |       ||    40
       Chain mail        |       |     2 |   130 |   350 |   476 |   120 ||  1078
       Scale mail        |       |     2 |       |       |       |       ||     2
Dodge: Dodged            |    37 |    60 |    66 |   204 |   559 |   147 ||  1073
Block: Shield            |       |    21 |    68 |   239 |    69 |       ||   397
